 Dungeon Crawl Stone Soup version 0.28-a0-384-g9e0c098162 (webtiles) character file.

Game seed: 1170318761034300882

16 dolemite99 the Chopper (level 2, -2/26 HPs)
             Began as a Hill Orc Abyssal Knight on Sept 3, 2021.
             Was a Follower of Lugonu.
             Frozen to death by an endoplasm (5 damage)
             ... on level 1 of the Dungeon.
             The game lasted 00:00:46 (394 turns).

dolemite99 the Chopper (Hill Orc Abyssal Knight)     Turns: 394, Time: 00:00:46

Health: -2/26      AC:  3    Str: 14    XL:     2   Next: 54%
Magic:  3/3        EV: 11    Int: 12    God:    Lugonu [*.....]
Gold:   9          SH:  0    Dex: 10    Spells: 1/1 levels left

rFire   . . .      SeeInvis .   a - +1 hand axe
rCold   . . .      Faith    .   (no shield)
rNeg    . . .      Spirit   .   b - +0 leather armour
rPois   .          Reflect  .   (no helmet)
rElec   .          Harm     .   (no cloak)
rCorr   .          Rampage  .   (no gloves)
Will    .....                   (no boots)
Stlth   +.........              (no amulet)
HPRegen 0.08/turn               (no ring)
MPRegen 0.08/turn               (no ring)

@: no status effects
A: no striking features
a: Renounce Religion, Depart the Abyss


You were on level 1 of the Dungeon.
You worshipped Lugonu.
Lugonu was aware of your devotion.
You visited 1 branch of the dungeon, and saw 1 of its levels.
You visited the Abyss 1 time.

You collected 9 gold pieces.

Inventory:

Hand Weapons
 a - a +1 hand axe (weapon)
Missiles
 c - 17 sling bullets
Armour
 b - a +0 leather armour (worn)
Potions
 d - a potion of lignification {unknown}
 e - a potion of attraction {unknown}


   Skills:
 - Level 3.6 Fighting
 + Level 4.1 Axes
 - Level 2.1 Armour
 - Level 0.7 Dodging
 - Level 2.4 Invocations


You had one spell level left.
You didn't know any spells.
Your spell library was empty.

Dungeon Overview and Level Annotations

Branches:
Dungeon (1/15)

Altars:


Message History

You barely miss the jackal. The jackal barely misses you.
The giant cockroach misses you. The jackal closely misses you.
The giant cockroach bites you but does no damage.
You hit the giant cockroach.
The giant cockroach is severely wounded.
You hit the jackal. The jackal bites you.
* * * LOW HITPOINT WARNING * * *
The giant cockroach barely misses you.
You barely miss the giant cockroach.
The giant cockroach is severely wounded.
You closely miss the jackal. The jackal misses you.
The giant cockroach bites you but does no damage.
The jackal bites you but does no damage.
The giant cockroach closely misses you.
You hit the giant cockroach but do no damage.
The giant cockroach is severely wounded.
You barely miss the jackal. The jackal barely misses you.
The giant cockroach bites you.
* * * LOW HITPOINT WARNING * * *
The jackal bites you.
* * * LOW HITPOINT WARNING * * *
You hit the giant cockroach.
You kill the giant cockroach!
Lugonu accepts your kill.
You hit the jackal.
You kill the jackal!
Lugonu accepts your kill. The giant cockroach closely misses you.
The endoplasm freezes you.
You are frozen.
* * * LOW HITPOINT WARNING * * *
The giant cockroach bites you but does no damage.
Things that are here:
a jackal corpse; a jackal corpse You hit the giant cockroach.
The giant cockroach is almost dead.
You hit the endoplasm. The endoplasm freezes you.
You are frozen.
You die...

####.#..###..........
...........#.........
###############...###+####
#.............#....##.####
#.............#.##.##.....
......rBB... #.##..#.....
#######B#######.###.#.....
#.....†hBJ....#.# #.......
+⌠....###@...⌠'.# ##......
#......<......#.####......
#..⌠...>...⌠..#.#......###
#.###'#######+###.........##
#...........................
#####...###............)....
#.......................
#######.............####
#.............#...


You could see an endoplasm, a jackal, 3 giant cockroaches and a rat.

Vanquished Creatures
  4 giant cockroaches (D:1)
  A goblin (D:1)
  A hobgoblin (D:1)
  5 jackals (D:1)
  A rat (D:1)
12 creatures vanquished.

Notes
Turn   | Place    | Note
-------+----------+-------------------------------------------
     0 | Abyss:1  | dolemite99 the Hill Orc Abyssal Knight began the quest for
                  | the Orb.
     0 | Abyss:1  | Reached XP level 1. HP: 19/19 MP: 2/2
    16 | D:1      | Escaped the Abyss
    18 | D:1      | Found a runed translucent door.
    86 | D:1      | Reached skill level 3 in Axes
   122 | D:1      | Found a faded altar of an unknown god.
   377 | D:1      | Reached XP level 2. HP: 17/26 MP: 3/3
   386 | D:1      | Reached skill level 4 in Axes
   394 | D:1      | Frozen to death by an endoplasm

Illustrated notes

Levels and vault maps discovered:
D:1:      dpeg_arrival_caged_fury, layout_basic,
          shapermc_ecumenical_altar_ellora, serial_shops, nicolae_shop_trees

Skill      XL: |  1  2 |
---------------+-------+-----
Axes           | 3 4 |  4.1
Fighting       | |  3.6
Armour         | |  2.1
Dodging        | |  0.7
Invocations    | |  2.4

Action                   || total
-------------------------++-------
Melee: Hand axe          ||    27
Armor: Leather armour    ||    10
Dodge: Dodged            ||    30

Table legend: (Time is in decaauts)
 A = Elapsed time spent in this place.
 B = Non-inter-level travel time spent in this place.
 C = Inter-level travel time spent in this place.
 D = Time resting spent in this place.
 E = Time spent auto-exploring this place.
 F = Levels seen in this place.
 G = Mean time per level.
                   A        B        C        D        E       F      G
               +--------+--------+--------+--------+--------+-----+--------+
         Total |    397 |    397 |      0 |     29 |    264 |   2 |  198.5 |
       Dungeon |    381 |    381 |      0 |     29 |    264 |   1 |  381.0 |
         Abyss |     16 |     16 |      0 |      0 |      0 |   1 |   16.0 |
               +--------+--------+--------+--------+--------+-----+--------+

Top non-repeatable levels by time:
     D:1: 381 daAuts
 Abyss:1: 16 daAuts
